Map: Dusk Towers

Players

Miszu - Winner!

  • Race: Terran Terran
  • League: Master

MythiC

  • Race: Terran Terran
  • League: Grandmaster

VOD

Have the link to the VOD?

Description

Time

  • Played on: April 24, 2016, 12:52 p.m.
  • Length: 11:16
Show
View Real Time Build Order
Export as new Build Order

Miszu Terran - Winner!

Build Orders: Bio Tank 

Get SALT Encoding   

  12  0:00  SCV  
  13  0:12  SCV  
  14  0:17  Supply Depot  
  14  0:25  SCV  
  15  0:38  SCV  
  15  0:40  Barracks  
  16  0:43  Refinery  
  16  0:50  SCV  
  17  1:03  SCV  
  18  1:15  SCV  
  19  1:28  Orbital Command  
  19  1:29  Barracks Reactor  
  19  1:42  Command Center  
  19  1:53  Supply Depot  
  19  1:54  SCV  
  20  2:07  Factory  
  20  2:10  Marine x2  
  20  2:13  SCV  
  22  2:23  Refinery  
  22  2:25  SCV  
  22  2:28  Marine x2  
  25  2:37  SCV  
  26  2:46  Marine x2  
  26  2:49  SCV  
  29  2:52  Starport  
  29  2:59  Factory Tech Lab  
  29  3:01  SCV  
  29  3:02  Orbital Command  
  30  3:13  Marine, SCV  
  30  3:16  Marine  
  30  3:19  Widow Mine  
  35  3:26  SCV  
  36  3:30  SCV  
  36  3:31  Marine  
  38  3:34  Marine, Medivac  
  38  3:38  SCV  
  42  3:44  SCV  
  43  3:48  Marine  
  43  3:54  SCV  
  45  3:57  SCV  
  46  4:12  Engineering Bay  
  46  4:18  Viking, Cyclone, SCV x2  
  46  4:20  Supply Depot  
  53  4:32  SCV  
  54  4:39  Missile Turret  
  54  4:41  SCV, Missile Turret  
  54  4:44  SCV  
  56  4:53  SCV  
  56  4:57  SCV  
  54  5:02  Command Center  
  54  5:05  SCV  
  55  5:08  Refinery  
  55  5:09  Refinery, SCV  
  56  5:14  Starport Reactor  
  56  5:15  Barracks  
  56  5:16  Barracks  
  56  5:18  Marine, SCV  
  56  5:21  SCV  
  57  5:30  SCV  
  57  5:33  SCV  
  57  5:41  Engineering Bay, Terran Infantry Weapons Level 1  
  57  5:42  SCV  
  58  5:43  Siege Tank  
  58  5:45  SCV  
  58  5:46  Supply Depot  
  62  5:50  Supply Depot  
  62  6:07  Barracks Tech Lab x2  
  62  6:08  Medivac, SCV x2  
  62  6:09  Terran Infantry Armor Level 1  
  66  6:15  Orbital Command  
  66  6:18  Siege Tank  
  66  6:20  SCV x2  
  71  6:26  Marine, Stimpack  
  71  6:27  Marine  
  71  6:32  SCV x2  
  75  6:33  Barracks  
  75  6:37  Barracks  
  75  6:42  Orbital Command  
  75  6:44  SCV x2  
  75  6:47  Medivac x2  
  79  6:49  Marine x3  
  79  6:50  Siege Tank  
  79  6:54  Supply Depot, Combat Shields  
  87  6:55  Supply Depot  
  87  7:01  Factory  
  87  7:04  SCV  
  89  7:08  SCV x2  
  89  7:12  Marine x3  
  92  7:16  Supply Depot, SCV  
  92  7:17  Supply Depot  
  92  7:20  SCV x2  
  95  7:25  Marine  
  95  7:26  Barracks Reactor x2  
  95  7:27  Medivac  
  100  7:37  Marine  
  100  7:38  Marine x2  
  100  7:42  Marine  
  100  7:43  Supply Depot, Armory  
  104  7:46  Refinery  
  104  7:47  Refinery  
  104  7:51  Factory Tech Lab  
  104  7:52  Siege Tank  
  104  7:55  Marine x2  
  104  7:56  Marine  
  108  8:00  Marine  
  109  8:08  Sensor Tower x2, SCV x3  
  112  8:13  Marine x2  
  112  8:14  Supply Depot  
  112  8:16  Supply Depot x2  
  112  8:18  Marine  
  112  8:19  Marine  
  118  8:20  SCV x2  
  118  8:21  Siege Tank, SCV  
  121  8:32  Terran Infantry Armor Level 2, SCV x2, Terran Infantry Weapons Level 2  
  121  8:33  SCV  
  124  8:35  Terran Vehicle Weapons Level 1  
  124  8:37  Marine  
  122  8:44  SCV  
  122  8:45  SCV x2  
  125  8:50  Command Center  
  125  8:52  Medivac  
  125  8:53  Medivac  
  128  8:56  Marine, SCV  
  128  8:57  Marine x3  
  128  9:01  Siege Tank x2  
  139  9:17  Supply Depot, Marine  
  139  9:19  Supply Depot  
  139  9:21  Supply Depot  
  140  9:25  Supply Depot  
  140  9:30  Medivac  
  142  9:33  Medivac, Siege Tank  
  142  9:35  Marine x4  
  151  9:38  Marine  
  151  9:39  Marine x3  
  151  9:41  Siege Tank  
  158  9:51  Supply Depot x2  
  158  9:53  Supply Depot, Marine x4  
  158  9:56  Marine  
  158  9:57  Marine x3  
  166  10:00  Medivac  
  166  10:05  Siege Tank  
  171  10:11  Marine  
  171  10:13  Siege Tank  
  175  10:23  Refinery  
  175  10:24  Refinery  
  175  10:26  Sensor Tower  
  175  10:29  Marine, Medivac  
  175  10:34  Planetary Fortress  
  176  10:37  Siege Tank  
  147  10:51  Marine x8  
  158  11:03  Barracks  
  158  11:04  Barracks x2  
Show
View Real Time Build Order
Export as new Build Order

MythiC Terran 

Build Orders: Reaper Expand, Banshee Rush 

Get SALT Encoding   

  12  0:00  SCV  
  13  0:13  SCV  
  14  0:17  Supply Depot  
  14  0:26  SCV  
  15  0:39  SCV  
  15  0:41  Refinery  
  16  0:44  Barracks  
  16  0:51  SCV  
  17  1:03  SCV  
  18  1:15  SCV  
  19  1:31  Orbital Command  
  19  1:32  Reaper  
  20  1:46  Command Center  
  20  1:57  Supply Depot, SCV  
  21  2:09  SCV  
  21  2:12  Factory  
  22  2:21  Reaper, SCV  
  24  2:25  Refinery  
  24  2:33  SCV  
  24  2:36  Supply Depot  
  25  2:45  SCV  
  26  2:57  SCV  
  27  3:02  Hellion  
  29  3:07  Barracks Tech Lab  
  29  3:08  Starport  
  29  3:09  SCV  
  29  3:10  Orbital Command  
  30  3:22  SCV  
  30  3:23  Hellion  
  33  3:34  SCV  
  34  3:35  Barracks Reactor  
  34  3:36  SCV  
  35  3:46  SCV  
  35  3:48  SCV  
  37  3:49  Factory Tech Lab  
  37  3:53  Cloaking Field, Banshee  
  40  3:58  Command Center, SCV  
  40  4:01  SCV  
  42  4:08  Supply Depot  
  42  4:10  SCV  
  42  4:12  Marine x2  
  42  4:15  SCV  
  46  4:17  Cyclone  
  46  4:22  SCV  
  50  4:24  Supply Depot  
  50  4:27  SCV  
  50  4:30  Marine x2  
  53  4:34  SCV  
  53  4:36  Banshee  
  57  4:39  SCV  
  57  4:42  Supply Depot  
  58  4:46  SCV  
  58  4:48  Supply Depot  
  58  4:51  SCV  
  60  4:58  SCV  
  60  5:03  SCV  
  61  5:08  Marine x2, Siege Tank  
  61  5:10  SCV  
  61  5:11  Orbital Command  
  67  5:15  SCV  
  68  5:23  SCV  
  67  5:36  Refinery  
  67  5:37  Refinery  
  67  5:40  Engineering Bay  
  67  5:41  Engineering Bay, Siege Tank  
  67  5:42  Orbital Command  
  70  5:45  SCV x2  
  70  5:53  Medivac  
  72  5:57  Barracks, SCV  
  72  5:58  Barracks  
  72  5:59  SCV  
  72  6:02  Supply Depot, Marine  
  72  6:06  Medivac  
  72  6:09  SCV  
  75  6:13  Supply Depot  
  75  6:16  SCV x2  
  77  6:19  Siege Tank  
  77  6:22  SCV  
  81  6:28  Terran Infantry Weapons Level 1, SCV x2  
  81  6:32  Marine  
  84  6:33  Refinery  
  84  6:34  Supply Depot, Barracks, SCV  
  84  6:35  Barracks  
  85  6:40  SCV x2  
  85  6:46  Viking x2, SCV  
  92  6:47  Barracks Reactor  
  92  6:52  Marine x2, SCV x2  
  92  6:53  Supply Depot  
  92  6:54  Supply Depot  
  96  6:58  SCV  
  97  7:04  SCV x2  
  97  7:07  Siege Tank  
  101  7:10  SCV  
  101  7:15  Viking, Marine, Terran Infantry Armor Level 1  
  103  7:16  SCV x2  
  103  7:17  Barracks Reactor  
  103  7:22  Barracks Reactor x2, SCV  
  108  7:25  Marine x2  
  108  7:28  SCV x2  
  108  7:29  Refinery  
  112  7:30  Supply Depot x2  
  112  7:32  Missile Turret  
  112  7:33  Missile Turret  
  112  7:34  Marine, SCV  
  112  7:40  SCV  
  112  7:43  Marine x2, Sensor Tower  
  115  7:46  Sensor Tower, Siege Tank  
  115  7:50  Viking  
  120  7:52  Marine  
  120  7:55  Viking  
  120  7:58  Marine x6  
  124  8:01  Marine x2  
  124  8:04  SCV  
  132  8:10  Marine, SCV x2  
  132  8:12  Factory  
  135  8:16  Marine x5, SCV  
  141  8:20  Stimpack  
  141  8:22  SCV  
  141  8:23  SCV  
  141  8:24  Marine  
  141  8:25  Siege Tank  
  144  8:28  Marine, SCV  
  144  8:30  Barracks Tech Lab, Medivac  
  144  8:33  Marine  
  144  8:34  Marine, SCV  
  149  8:35  Barracks, SCV  
  149  8:36  Supply Depot, Marine x2  
  149  8:37  Marine  
  149  8:38  Supply Depot  
  149  8:40  SCV  
  156  8:42  Marine  
  157  8:49  Supply Depot  
  157  8:50  Supply Depot  
  157  8:56  Combat Shields  
  157  8:57  Marine x3, Widow Mine, Armory  
  157  8:58  Marine, Medivac  
  157  9:02  Supply Depot  
  165  9:05  Factory Tech Lab  
  165  9:08  Medivac, Command Center  
  167  9:10  Marine  
  167  9:11  Marine x3  
  167  9:15  Marine  
  172  9:22  Supply Depot x2  
  172  9:23  Missile Turret x2  
  172  9:26  Missile Turret  
  172  9:28  Missile Turret  
  172  9:34  Marine x6  
  172  9:35  Marine x3, Siege Tank  
  172  9:36  Marine  
  172  9:37  Medivac, Factory Tech Lab  
  187  9:39  Medivac  
  189  9:52  Marine x2  
  189  9:53  Marine x4  
  189  9:57  Marine x2  
  197  10:07  Medivac  
  199  10:14  Marine  
  195  10:32  Marine x3  
  195  10:33  Marine x2  
  200  10:37  Sensor Tower  
  200  10:43  Marine x3  
  134  10:50  Marine x3  
  134  10:51  Marine x3  
  134  10:52  Marine  
Tags
 
Add a new tag
Caveats
  • Supply blocks, unpowered buildings, or Contaminate may cause inaccurate times.
  • Supply counts are checked every 10 seconds.